Map: Proxima Station LE

Players

IIIIIIIIIIII - Winner!

  • Race: Terran Terran
  • Spawn Location: 7:00

Musumeci

  • Race: Zerg Zerg
  • League: Diamond
  • Spawn Location: 1:00

VOD

Have the link to the VOD?

Description

Time

  • Played on: March 24, 2017, 7:26 a.m.
  • Length: 13:24
Show
View Real Time Build Order
Export as new Build Order

IIIIIIIIIIII Terran - Winner!

Build Orders: Reaper Expand, Bio Mine 

Get SALT Encoding   

  12  0:01  SCV  
  13  0:13  SCV  
  14  0:18  Supply Depot  
  14  0:29  SCV  
  15  0:43  Barracks  
  15  0:47  SCV, Refinery  
  16  0:59  SCV  
  18  1:11  SCV  
  18  1:28  SCV  
  19  1:44  Command Center  
  19  1:46  Orbital Command  
  19  1:50  Reaper  
  20  2:12  SCV, Supply Depot  
  21  2:24  SCV  
  21  2:28  Barracks Reactor  
  22  2:33  Factory  
  22  2:36  SCV  
  23  2:48  SCV  
  24  2:58  Orbital Command  
  24  3:00  SCV  
  26  3:13  SCV  
  27  3:26  Barracks  
  25  3:30  Barracks Tech Lab  
  25  3:31  Hellion, Command Center  
  25  3:33  Barracks  
  27  3:38  Hellion  
  27  3:40  SCV  
  30  3:43  SCV  
  31  3:52  SCV, Stimpack  
  31  3:55  SCV  
  33  4:00  Hellion x2  
  37  4:05  SCV  
  37  4:07  SCV  
  39  4:15  Barracks Reactor  
  39  4:16  Barracks  
  39  4:17  SCV  
  39  4:19  SCV  
  39  4:21  Barracks Reactor  
  41  4:35  SCV x2  
  41  4:36  Factory Reactor  
  41  4:37  Barracks  
  43  4:39  Refinery, Barracks  
  43  4:41  Refinery  
  43  4:43  Orbital Command  
  43  4:48  Starport, SCV x2  
  45  5:00  SCV x2  
  47  5:11  SCV  
  47  5:12  SCV x2  
  50  5:15  Supply Depot x2  
  50  5:16  Supply Depot  
  50  5:17  Marine x3  
  50  5:18  Marauder  
  55  5:23  SCV  
  55  5:24  Barracks Reactor  
  55  5:25  Barracks Tech Lab x2  
  55  5:28  Barracks Reactor, Marine  
  56  5:30  SCV  
  56  5:33  SCV  
  56  5:35  SCV, Marine  
  60  5:36  Marine x2  
  60  5:40  Marine  
  64  5:42  Medivac  
  64  5:46  Marine  
  67  5:53  Marine  
  66  5:59  Marauder  
  66  6:01  Widow Mine x2, Marauder, Marine x3, Medivac  
  79  6:04  Marine  
  79  6:10  Orbital Command  
  79  6:11  Marine  
  78  6:14  SCV x2  
  77  6:19  Marine  
  77  6:21  Marine x3, Medivac  
  77  6:22  Marauder  
  85  6:26  Supply Depot  
  85  6:27  Supply Depot  
  85  6:34  Starport  
  85  6:35  Barracks Tech Lab  
  85  6:47  Widow Mine x2, Marine  
  85  6:48  SCV x3, Concussive Shells  
  85  6:49  Marine  
  85  6:50  Combat Shields  
  94  6:54  Engineering Bay  
  94  6:55  Marine x3, Engineering Bay  
  94  7:00  SCV x3  
  100  7:01  Supply Depot  
  100  7:03  Supply Depot  
  100  7:04  Marine  
  100  7:05  Supply Depot  
  101  7:20  High Capacity Fuel Tanks  
  101  7:23  Marauder, Marine x6  
  101  7:24  Widow Mine x2  
  101  7:25  SCV x2, Marine  
  101  7:26  Marine  
  117  7:41  Marauder, Marine x5, Medivac  
  117  7:42  Marine  
  125  7:44  Marine  
  125  7:46  Marauder  
  121  7:53  Widow Mine x2  
  114  7:58  Marine x3  
  114  7:59  Marine  
  114  8:00  Marauder, Marine  
  114  8:02  Marauder, Marine  
  123  8:06  Marine  
  123  8:10  Refinery  
  123  8:11  Refinery  
  124  8:16  Marine  
  124  8:19  Terran Infantry Weapons Level 1  
  125  8:23  Widow Mine x2, Marine x4, Supply Depot  
  133  8:30  Factory  
  133  8:34  Marine  
  133  8:36  Marine x2  
  133  8:37  Marauder, Starport Reactor  
  133  8:41  Terran Infantry Armor Level 1  
  133  8:42  Marine  
  133  8:44  Marine x3  
  133  8:45  Marauder  
  138  8:51  Widow Mine  
  138  8:53  Marauder  
  138  8:54  Marine  
  141  9:08  Marine  
  141  9:14  Supply Depot x2  
  141  9:15  Supply Depot  
  141  9:16  Supply Depot  
  141  9:17  Supply Depot  
  141  9:23  Marine  
  141  9:24  Marine  
  141  9:26  Marauder  
  141  9:27  Medivac  
  141  9:29  Marine x2  
  141  9:31  Marine x2, Medivac  
  140  9:33  Marine x2  
  140  9:35  Widow Mine x2  
  144  9:41  Marine, Medivac  
  144  9:42  Marine  
  148  9:47  Marine x2  
  148  9:48  Marauder  
  148  9:49  Marauder, Marine  
  148  9:51  Marine x2  
  155  9:54  Armory  
  155  9:59  Marine x2  
  156  10:03  Widow Mine x2  
  156  10:04  Marine x2  
  156  10:06  Marine  
  164  10:15  Command Center  
  164  10:19  Widow Mine, Marine x5, Medivac  
  164  10:20  Marauder  
  175  10:22  Marine  
  174  10:32  Widow Mine x2, Marine x2  
  174  10:33  Medivac  
  176  10:37  Marine x3  
  176  10:38  Marauder x2  
  176  10:40  Marine  
  176  10:41  Marauder  
  180  10:47  Widow Mine, Drilling Claws  
  176  10:50  Marine x2  
  176  10:55  Marine x3  
  180  10:58  Marine  
  180  11:01  Marine  
  180  11:02  Marine  
  180  11:03  Widow Mine  
  181  11:04  Marauder, Widow Mine  
  177  11:14  Marine x5  
  177  11:16  Widow Mine, Marine  
  168  11:20  Marauder  
  168  11:21  Marauder  
  164  11:31  Marine x3  
  164  11:32  Widow Mine  
  167  11:33  Widow Mine  
  165  11:41  Marauder  
  165  11:45  Siege Tank  
  168  11:53  Marine x6  
  168  11:54  Marauder, Medivac  
  178  11:58  Orbital Command  
  178  12:00  Widow Mine  
  161  12:39  Widow Mine x2, Marine x6, Medivac  
  161  12:40  Marauder x2, Widow Mine, Marine  
  161  12:41  Medivac  
  177  12:57  Marine x5  
  182  12:59  Marauder  
  182  13:01  Marauder, Marine x2  
Show
View Real Time Build Order
Export as new Build Order

Musumeci Zerg 

Build Orders: Hatch First 

Get SALT Encoding   

  12  0:04  Drone  
  13  0:07  Drone  
  13  0:13  Extractor  
  13  0:16  Drone  
  15  0:31  Extractor  
  15  0:43  Hatchery  
  15  0:46  Drone, Extractor  
  15  1:02  Spawning Pool  
  14  1:05  Extractor  
  14  1:08  Drone  
  14  1:12  Extractor  
  14  1:16  Drone  
  16  1:34  Overlord  
  16  1:41  Extractor  
  16  1:46  Extractor  
  15  1:52  Queen, Drone x3  
  20  1:55  Queen  
  20  2:01  Drone  
  23  2:03  Drone  
  23  2:04  Extractor  
  23  2:07  Drone  
  25  2:14  Drone  
  26  2:17  Drone  
  27  2:24  Overlord  
  27  2:42  Queen x2, Drone  
  27  2:43  Drone x2  
  34  2:47  Drone  
  34  2:48  Drone  
  36  3:07  Overlord  
  36  3:10  Overlord  
  36  3:26  Extractor  
  36  3:27  Drone x6, Extractor, Roach Warren  
  39  3:45  Hatchery  
  39  3:48  Drone x4  
  42  4:06  Drone  
  42  4:07  Drone x2  
  45  4:14  Drone x2  
  45  4:15  Drone  
  45  4:16  Drone  
  49  4:17  Roach  
  51  4:31  Overlord  
  51  4:32  Overlord  
  51  4:49  Roach x4  
  51  4:52  Roach x4  
  67  5:01  Drone, Extractor  
  67  5:02  Drone  
  68  5:07  Roach  
  70  5:25  Drone x4  
  74  5:46  Lair  
  74  5:49  Overlord x5  
  74  5:50  Overlord x2, Extractor  
  74  5:51  Evolution Chamber  
  70  6:15  Drone x8  
  70  6:16  Drone x3  
  81  6:23  Drone  
  82  6:28  Evolution Chamber  
  81  6:37  Drone x3  
  84  6:49  Drone  
  84  6:50  Drone x7  
  84  6:51  Drone x2  
  84  6:53  Extractor  
  93  6:54  Extractor  
  93  6:59  Spore Crawler  
  93  7:00  Spore Crawler  
  90  7:03  Drone x3  
  90  7:04  Drone, Spore Crawler  
  90  7:05  Spore Crawler  
  90  7:06  Glial Reconstitution  
  90  7:07  Spore Crawler  
  93  7:15  Roach  
  93  7:16  Roach x5  
  103  7:23  Ravager x2  
  103  7:24  Ravager x3  
  103  7:28  Roach  
  103  7:29  Roach x4  
  118  7:30  Ravager x5  
  122  7:45  Evolution Chamber  
  122  7:46  Evolution Chamber  
  105  8:04  Ravager x3  
  105  8:05  Drone x4  
  112  8:07  Drone x2  
  114  8:14  Zerg Missile Weapons Level 1  
  114  8:15  Zerg Ground Armor Level 1  
  114  8:25  Drone x2  
  118  8:27  Roach x7  
  118  8:28  Overlord x6  
  118  8:30  Hatchery, Spore Crawler  
  118  8:31  Extractor  
  120  8:41  Ravager x2  
  120  8:49  Overseer  
  91  8:56  Roach  
  91  8:57  Roach x9  
  108  9:07  Roach Warren  
  61  9:40  Roach Warren  
  54  9:48  Zergling x8  
  54  9:49  Zergling x28  
  71  9:59  Extractor  
  70  10:21  Roach x3  
  70  10:22  Roach x7  
  88  10:35  Roach x3  
  60  10:44  Roach x6  
  60  10:46  Ravager x6  
  64  10:52  Ravager  
  64  10:53  Ravager x3  
  55  11:22  Roach Warren  
  36  12:05  Roach x6  
  36  12:30  Ravager  
  36  12:32  Ravager  
Tags
 
Composition
Bio Mine
League
Diamond
Matchup
TvZ
Replay Pack
replay pack
Spawn Locations
Cross Positions
Add a new tag
Caveats
  • Supply blocks, unpowered buildings, or Contaminate may cause inaccurate times.
  • Supply counts are checked every 10 seconds.